 Dungeon Crawl Stone Soup version 0.28.0-53-g5a82cb258f (webtiles) character file.

Game seed: 13470610439072587306

378 bnorton916 the Magician (level 6, -10/32 HPs)
             Began as a Deep Elf Fire Elementalist on June 18, 2022.
             Killed from afar by Dowan (17 damage)
             ... with a shard of ice
             ... on level 4 of the Dungeon.
             The game lasted 00:03:35 (3518 turns).

bnorton916 the Magician (DEFE)                      Turns: 3518, Time: 00:03:37

Health: -10/32     AC:  4    Str: 11    XL:     6   Next: 45%
Magic:  8/16       EV: 12    Int: 22    God:
Gold:   113        SH:  0    Dex: 15    Spells: 10/16 levels left

rFire   . . .      SeeInvis +   (no weapon)
rCold   . . .      Faith    .   (no shield)
rNeg    . . .      Spirit   .   a - +0 robe
rPois   .          Reflect  .   (no helmet)
rElec   .          Harm     .   n - +0 cloak
rCorr   .          Rampage  .   (no gloves)
Will    .....                   o - +0 pair of boots
Stlth   ++........              (no amulet)
HPRegen 0.10/turn               c - ring of see invisible
MPRegen 0.15/turn               m - +6 ring of strength

@: no status effects
A: no striking features
a: no special abilities


You were on level 4 of the Dungeon.
You visited 1 branch of the dungeon, and saw 4 of its levels.

You collected 113 gold pieces.

Inventory:

Hand Weapons
 g - a +1 short sword of holy wrath
 k - a +0 hand crossbow
Missiles
 e - 81 stones
Armour
 a - a +0 robe (worn)
 d - a scarf of shadows
 n - a +0 cloak (worn)
 o - a +0 pair of boots (worn)
Jewellery
 c - a ring of see invisible (left hand)
 j - an amulet of faith
 m - a +6 ring of strength (right hand)
Scrolls
 l - a scroll of fog {unknown}
 p - a scroll of vulnerability {unknown}
Potions
 b - a potion of invisibility
 f - a potion of might {unknown}
 h - 2 potions of heal wounds
 i - a potion of brilliance {unknown}
 q - a potion of flight {unknown}
 r - a potion of curing


   Skills:
 - Level 2.4 Dodging
 - Level 2.4 Stealth
 + Level 5.8 Spellcasting
 + Level 4.2 Conjurations
 + Level 5.3 Fire Magic


You had 10 spell levels left.
You knew the following spells:

 Your Spells              Type           Power      Damage    Failure   Level
a - Foxfire               Conj/Fire      100%       2x1d9     1%          1
b - Scorch                Fire           60%        2d8       1%          2
c - Conjure Flame         Conj/Fire      27%        6-21      3%          3

Your spell library contained the following spells:

 Spells                   Type           Power      Damage    Failure   Level
 Inner Flame              Hex/Fire       18%        N/A       10%         3
 Flame Wave               Conj/Fire      27%        2d7       13%         4


Dungeon Overview and Level Annotations

Branches:
Dungeon (4/15)
 Temple: D:4-7

Altars:
Cheibriados
Yredelemnul
Zin

Annotations:
D:4 Dowan


Message History

Duvessa drinks a potion.
Duvessa flickers and vanishes for a moment.
Duvessa yells, "You can run, but you cannot escape us forever!"
Casting: Foxfire (safe; 1% risk of failure)
Confirm with . or Enter, or press ? or * to list all spells.
The fire begins to smoulder!
Duvessa smothers the flame.
Casting: Conjure Flame (dangerous; 4% risk of failure)
Confirm with . or Enter, or press ? or * to list all spells.
Flames lash Duvessa.
Duvessa is moderately wounded.
Duvessa's fire resistance burns away.
Duvessa hits you with a +1 short sword of holy wrath.
Duvessa hits you with a +1 short sword of holy wrath!
Unknown command.
Casting: Scorch (safe; 1% risk of failure)
Confirm with . or Enter, or press ? or * to list all spells.
Flames lash Duvessa.
Duvessa is burned terribly!
Duvessa is severely wounded.
You hear a shout!
Duvessa hits you with a +1 short sword of holy wrath!
* * * LOW HITPOINT WARNING * * *
Duvessa hits you but does no damage.
Casting: Scorch (safe; 1% risk of failure)
Confirm with . or Enter, or press ? or * to list all spells.
Flames lash Duvessa.
Duvessa is burned terribly!
You kill Duvessa!
You hear a distant wail of despair.
Your Conjurations skill increases to level 4!
Unknown command.
Dowan, Brother of Duvessa comes into view.
He is wielding a +0 dagger.
Things that are here:
a +1 short sword of holy wrath; a +0 scale mail; the elf corpse of Duvessa
g - a +1 short sword of holy wrath Dowan shouts!
Dowan seems to find hidden reserves of power!
Dowan points at you and mumbles some strange words.
The shard of ice hits you!
Ouch! That really hurt!
You die...

*,* *,,*,**
#.#**#.#*#.....# *,*
*,,,,,**####.# #.#
#.....#
********,,,,,,,....#
#.###.....#
*,,,,,,,*****,,..e#
#.........#
****,,,,** ****#.##
#...#..#... *,,,,,**
#e.###..##...#..
**,**,,*
##.......#...#...
**,***,**
###..#####...#####.
*,** **,**#.@###
##.## ## ****,**
**,,#### #.# *.
*,,,,,* **,*** #.#*
## *,***** *,** ##.*
*** *** *#*


You could see Dowan (fast).

Vanquished Creatures
  Sigmund (D:4)
  Duvessa (D:4)
  A mummy (D:4)
  A gnoll (D:3)
  6 adders
  A dart slug (D:2)
  9 endoplasms
  3 giant cockroaches
  4 goblins
  5 hobgoblins
  3 jackals (D:4)
  3 quokkas
  9 ball pythons
  3 bats
  3 frilled lizards
  3 kobolds (D:1)
  4 rats
  A spectral goblin (D:1)
61 creatures vanquished.

Vanquished Creatures (others)
  252 foxfires
252 creatures vanquished.

Grand Total: 313 creatures vanquished

Notes
Turn   | Place    | Note
-------+----------+-------------------------------------------
     0 | D:1      | bnorton916 the Deep Elf Fire Elementalist began the quest
                  | for the Orb.
     0 | D:1      | Reached XP level 1. HP: 10/10 MP: 6/6
   403 | D:1      | Reached XP level 2. HP: 6/15 MP: 2/8
   980 | D:1      | Found a faded altar of an unknown god.
  1379 | D:2      | Reached XP level 3. HP: 16/19 MP: 3/10
  2210 | D:3      | Found a basalt altar of Yredelemnul.
  2258 | D:3      | Found a glowing silver altar of Zin.
  2270 | D:3      | Learned a level 2 spell: Scorch
  2274 | D:3      | Learned a level 3 spell: Conjure Flame
  2415 | D:3      | Reached XP level 4. HP: 24/24 MP: 7/12
  3107 | D:4      | Noticed Duvessa
  3387 | D:4      | Found a snail-covered altar of Cheibriados.
  3393 | D:4      | Noticed Sigmund
  3402 | D:4      | Reached XP level 5. HP: 28/28 MP: 9/14
  3411 | D:4      | Killed Sigmund
  3412 | D:4      | Reached skill level 5 in Spellcasting
  3412 | D:4      | Reached skill level 5 in Fire Magic
  3412 | D:4      | Reached XP level 6. HP: 18/32 MP: 5/16
  3515 | D:4      | Killed Duvessa
  3517 | D:4      | Noticed Dowan
  3518 | D:4      | Killed from afar by Dowan

Illustrated notes

Levels and vault maps discovered:
D:1:      dpeg_arrival_rooms_c, layout_rooms,
          dreamdust_ecumenical_altar_drowned_temple
D:2:      layout_loops_cross
D:3:      layout_basic, grunt_temple_overflow_open,
          chequers_serial_rivers_room_b
D:4:      layout_layer_cave, slow_altar_1, portal_sewer_entry_a, uniq_sigmund,
          uniq_duvessa

Skill      XL: |  1  2  3  4  5  6 |
---------------+-------------------+-----
Conjurations   | 2 3 4 |  4.2
Fire Magic     | 4 5 |  5.3
Spellcasting   | 4 5 |  5.8
Dodging        | |  2.4
Stealth        | |  2.4

Action                   |  1- 3 |  4- 6 || total
-------------------------+-------+-------++-------
 Cast: Foxfire           |   120 |    36 ||   156
       Scorch            |     1 |    10 ||    11
       Conjure Flame     |       |     1 ||     1
  Use: Scroll            |       |     5 ||     5
Armor: Robe              |     2 |     6 ||     8
Dodge: Dodged            |     5 |     8 ||    13
